 Dungeon Crawl Stone Soup version 0.31.0-32-g396128a36d (webtiles) character file.

Game seed: 17139120829774452555

5537 SnowmanSir the Arsonist (level 10, -8/69 HPs)
             Began as a Hill Orc Fire Elementalist on Apr 11, 2024.
             Was a Believer of Vehumet.
             Mangled by a two-headed ogre
             ... wielding a +0 giant club
              (13 damage)
             ... on level 9 of the Dungeon on Apr 13, 2024.
             The game lasted 00:47:54 (13679 turns).

SnowmanSir the Arsonist (HOFE)                     Turns: 13679, Time: 00:47:54

Health: -8/69      AC:  7    Str: 12    XL:     10   Next: 71%
Magic:  14/20      EV: 12    Int: 19    God:    Vehumet [**....]
Gold:   493        SH:  0    Dex: 17    Spells: 16/23 levels left

rFire   + . .        m - +4 rapier "Rugui" {freeze, rN+}
rCold   + . .        (no shield)
rNeg    + . .        b - +2 robe {rC+ rF+}
rPois   .            (helmet restricted)
rElec   .            l - +0 cloak
rCorr   .            (no gloves)
SInv    .            e - +1 pair of boots
Will    .....        a - amulet of regeneration
Stlth   ++           c - ring of wizardry
HPRegen 1.11/turn    f - +6 ring of dexterity
MPRegen 0.17/turn

%: wizardry (x1)
@: no status effects
A: horns 1, MP-powered wands
a: Renounce Religion


You were on level 9 of the Dungeon.
You worshipped Vehumet.
Vehumet was pleased with you.
You visited 2 branches of the dungeon, and saw 10 of its levels.

You collected 493 gold pieces.

Inventory:

Hand Weapons
 m - the +4 rapier "Rugui" (weapon) {freeze, rN+}
   (You found it on level 7 of the Dungeon)

   rN+:       It protects you from negative energy.
 w - a +2 dagger of venom
Armour
 b - a +2 robe of resistance (worn)
 e - a +1 pair of boots (worn)
 l - a +0 cloak (worn)
Magical Staves
 j - a staff of earth
Jewellery
 a - an amulet of regeneration (around neck)
 c - a ring of wizardry (left hand)
 f - a +6 ring of dexterity (right hand)
 k - a ring of resist corrosion
Wands
 d - a wand of paralysis (38)
 h - a wand of flame (11)
 n - a wand of iceblast (5)
 o - a wand of polymorph (2)
Scrolls
 i - 10 scrolls of identify
 p - a scroll of poison
 s - 2 scrolls of immolation
 u - a scroll of teleportation
 v - a scroll of fear
Potions
 q - a potion of curing
 r - 2 potions of heal wounds


   Skills:
 - Level 1.5 Dodging
 - Level 1.5 Stealth
 + Level 7.2 Spellcasting
 - Level 1.0 Conjurations
 * Level 14.1 Fire Magic


You had 16 spell levels left.
You knew the following spells:

 Your Spells              Type           Power      Damage    Failure   Level
a - Foxfire               Conj/Fire      100%       2x1d9     1%          1
b - Scorch                Fire           100%       2d9       1%          2
c - Flame Wave            Conj/Fire      35%        2d10      1%          4

Your spell library contained the following spells:

 Spells                   Type           Power      Damage    Failure   Level
 Momentum Strike          Conj/Tloc      16%        3d8       4%          2
 Inner Flame              Hex/Fire       33%        N/A       1%          3
 Volatile Blastmotes      Fire/Tloc      66%        2d15      1%          3
 Magic Dart               Conj           40%        1d5       2%          1
 Summon Blazeheart Golem  Fire/Summ      33%        N/A       2%          4
 Sting                    Conj/Alch      32%        1d5       3%          1
 Apportation              Tloc           12%        N/A       4%          1
 Necrotise                Necr           24%        1d5       4%          1
 Summon Small Mammal      Summ           24%        N/A       4%          1
 Blink                    Tloc           12%        N/A       6%          2
 Call Imp                 Summ           12%        N/A       6%          2
 Ensorcelled Hibernation  Hex/Ice        12%        N/A       6%          2
 Fugue of the Fallen      Necr           6%         N/A       12%         3
 Ozocubu's Armour         Ice            6%         N/A       12%         3
 Passwall                 Erth           6%         N/A       12%         3
 Swiftness                Air            6%         N/A       12%         3
 Anguish                  Hex/Necr       3%         N/A       36%         4
 Manifold Assault         Tloc           6%         N/A       36%         4
 Orb of Destruction       Conj           5%         9d5       100%        7
 Spellforged Servitor     Conj/Summ      4%         N/A       100%        7


Dungeon Overview and Level Annotations

Branches:
Dungeon (9/15)             Temple (1/1) D:5
   Lair: D:8-11         Orc: D:9-12

Altars:
Ashenzari
Cheibriados
Dithmenos
Elyvilon
Fedhas
Gozag
Hepliaklqana
Nemelex Xobeh
Okawaru
Qazlal
Trog
Uskayaw
Vehumet
Wu Jian
Xom
Zin
The Shining One

Shops:
D:2 !


Innate Abilities, Weirdness & Mutations

You have a pair of small horns on your head.
You expend magic power (3 MP) to strengthen your wands.


Message History

Casting: Flame Wave (dangerous; 1% risk of failure)
Press: ? - help, Dir - look around, f - activate A wave of flame ripples out!
The flame wave engulfs the two-headed ogre!
The two-headed ogre is lightly wounded.
The flame wave engulfs the gnoll.
The gnoll is moderately wounded. (Press . to intensify the flame waves.)
The gnoll closely misses you.
The two-headed ogre hits you with a +0 giant club!
The two-headed ogre closely misses you.
A wave of flame ripples out!
The flame wave engulfs the two-headed ogre!
The two-headed ogre is moderately wounded.
The flame wave engulfs the gnoll!
You kill the gnoll!
Vehumet accepts your kill.
The flame wave engulfs the yak!
The yak is moderately wounded.
The flame wave engulfs the gnoll!
The gnoll is almost dead.
The gnoll hits you from afar with a +0 halberd.
A wave of flame ripples out!
The flame wave engulfs the two-headed ogre.
The two-headed ogre is moderately wounded.
The flame wave engulfs the yak!
The yak is severely wounded.
The flame wave engulfs the gnoll!
You kill the gnoll!
Vehumet accepts your kill.
The flame wave engulfs the yak!
The yak is moderately wounded.
The flame wave engulfs the killer bee!
The killer bee is severely wounded.
You finish channelling waves of flame.
The two-headed ogre hits you with a +0 giant club!
The two-headed ogre hits you with a +0 giant spiked club!!
* * * LOW HITPOINT WARNING * * *
The two-headed ogre hits you with a +0 giant club!
You die...

.. . .##.# .#.. .#.
Y..#### ## #.
hYy######....
##.###.###Y##........
.........kyYO.###
.#####$######@).# #.
###)# #. ..# #. ...
#. #.## #. .. #. ##


You could see a two-headed ogre, 3 yaks, a wyvern, a howler monkey and a killer
bee.

Vanquished Creatures
  Pikel (D:5)
  Maurice (D:7)
  Prince Ribbit (D:6)
  Sigmund (D:3)
  6 yaks
  2 orc warriors
  2 centaurs
  2 lemures
  2 phantoms
  2 kobold brigands
  A gnoll sergeant (D:9)
  A bullfrog (D:7)
  5 scorpions
  11 wights (D:8)
  6 killer bees (D:8)
  4 electric eels (D:7)
  2 howler monkeys
  2 bombardier beetles
  7 hounds
  Crazy Yiuf (D:3)
  11 orc priests
  2 sleepcaps
  Jessica (D:2)
  2 iguanas
  Ijyb (D:4)
  Natasha (thrice) (D:3)
  11 orc wizards
  4 gnolls
  10 adders
  2 white imps
  2 ribbon worms
  A dart slug (D:5)
  40 orcs
  2 bats (D:1)
  6 endoplasms
  A goblin (D:4)
  6 hobgoblins
  2 jackals (D:4)
  6 kobolds
  3 quokkas
  7 ball pythons
  A frilled lizard (D:1)
  5 rats
189 creatures vanquished.

Vanquished Creatures (collateral kills)
  A foxfire (D:7)
1 creature vanquished.

Vanquished Creatures (others)
  935 foxfires
935 creatures vanquished.

Grand Total: 1125 creatures vanquished

Notes
Turn   | Place    | Note
-------+----------+-------------------------------------------
     0 | D:1      | SnowmanSir the Hill Orc Fire Elementalist began the quest
                  | for the Orb.
     0 | D:1      | Reached XP level 1. HP: 14/14 MP: 3/3
   533 | D:1      | Reached XP level 2. HP: 20/20 MP: 1/4
  1110 | D:2      | Reached skill level 4 in Fire Magic
  1294 | D:2      | Reached XP level 3. HP: 26/26 MP: 0/6
  1363 | D:2      | Found Noeqyz's Distillery.
  1604 | D:2      | Reached XP level 4. HP: 33/33 MP: 0/7
  1673 | D:2      | Noticed a scorpion
  1724 | D:2      | Killed a scorpion
  1725 | D:2      | Reached skill level 5 in Fire Magic
  1820 | D:2      | Noticed Jessica
  1823 | D:2      | Killed Jessica
  1824 | D:2      | Reached XP level 5. HP: 35/38 MP: 4/8
  2691 | D:3      | Noticed Sigmund
  2745 | D:3      | Noticed Natasha
  2751 | D:3      | Killed Natasha
  3278 | D:3      | Found a hazy altar of Hepliaklqana.
  3640 | D:3      | Noticed Natasha
  3646 | D:3      | Killed Natasha
  3647 | D:3      | Reached skill level 6 in Fire Magic
  3647 | D:3      | Reached XP level 6. HP: 41/45 MP: 3/10
  3892 | D:3      | Noticed Natasha
  3903 | D:3      | Killed Natasha
  4083 | D:2      | Learned a level 2 spell: Scorch
  4147 | D:4      | HP: 2/45 [fell downstairs (1)]
  4310 | D:3      | Killed Sigmund
  4311 | D:3      | Reached skill level 7 in Fire Magic
  4422 | D:3      | Found a runed translucent door.
  4423 | D:3      | Noticed Crazy Yiuf
  4562 | D:3      | Reached XP level 7. HP: 50/50 MP: 9/12
  4567 | D:3      | Paralysed by an orc for 4 turns
  4836 | D:3      | Killed Crazy Yiuf
  5675 | D:4      | Found a white marble altar of Elyvilon.
  5728 | D:3      | Reached skill level 8 in Fire Magic
  6170 | D:4      | Noticed Ijyb
  6171 | D:4      | Paralysed by Ijyb for 4 turns
  6179 | D:4      | Killed Ijyb
  6310 | D:4      | Reached XP level 8. HP: 57/57 MP: 7/14
  6728 | D:5      | Entered Level 5 of the Dungeon
  6748 | D:5      | Reached skill level 9 in Fire Magic
  6994 | D:5      | Found a shadowy altar of Dithmenos.
  7186 | D:5      | Noticed Pikel
  7527 | D:5      | Killed Pikel
  7528 | D:5      | Reached skill level 5 in Spellcasting
  7528 | D:5      | Reached skill level 10 in Fire Magic
  7867 | D:5      | Reached XP level 9. HP: 62/62 MP: 9/16
  8293 | D:5      | Found a staircase to the Ecumenical Temple.
  8299 | Temple   | Entered the Ecumenical Temple
  8326 | Temple   | Became a worshipper of Vehumet
  8651 | D:6      | Reached skill level 11 in Fire Magic
  9274 | D:6      | Noticed Prince Ribbit
  9279 | D:6      | Killed Prince Ribbit
  9425 | D:6      | Identified the +10 whip "Zomaaq" {heavy, ^Drain rC++ MP+9
                  | Stlth+}
  9801 | D:6      | Gained mutation: You have a pair of small horns on your
                  | head. [potion of mutation]
  9801 | D:6      | Gained mutation: You expend magic power (3 MP) to
                  | strengthen your wands. [potion of mutation]
 10240 | D:7      | Learned a level 4 spell: Flame Wave
 10760 | D:7      | Identified the +4 rapier "Rugui" {freeze, rN+}
 10820 | D:7      | Reached skill level 12 in Fire Magic
 11403 | D:7      | Noticed Maurice
 11412 | D:7      | Killed Maurice
 11413 | D:7      | Reached XP level 10. HP: 69/69 MP: 9/19
 11677 | D:8      | Reached * piety under Vehumet
 11677 | D:8      | Offered knowledge of Sandblast by Vehumet.
 12064 | D:8      | Reached skill level 13 in Fire Magic
 13410 | D:9      | Noticed a two-headed ogre
 13421 | D:8      | Offered knowledge of Momentum Strike by Vehumet.
 13505 | D:9      | Reached ** piety under Vehumet
 13510 | D:9      | Reached skill level 14 in Fire Magic
 13679 | D:9      | Mangled by a two-headed ogre

Illustrated notes

Levels and vault maps discovered:
D:1:      eino_arrival_cavern_e, layout_basic, minmay_misc_feat_rugged,
          chequers_serial_rivers_small_a
D:2:      layout_basic, serial_rivers, chequers_serial_rivers_small_3,
          chequers_serial_rivers_room_a, chequers_serial_rivers_room_a,
          chequers_serial_rivers_small_a, serial_shops, nicolae_shop_crystal,
          dreamdust_wishing_well, st_stairs_7, uniq_jessica
D:3:      layout_rooms, mainiacjoe_overflow_catwalk, uniq_sigmund,
          uniq_crazy_yiuf_cottage, uniq_natasha
D:4:      layout_rooms, elyvilon_altar_1, serial_library_hellmonk_angled_corner,
          grunt_decor_arrowhead, grunt_ministairs_8, uniq_ijyb
D:5:      layout_loops_ring, nicolae_dithmenos_the_darkroom,
          minmay_temple_entry_enclosed_plants, kennysheep_generic_room_7,
          uniq_pikel
D:6:      layout_gridville, uniq_prince_ribbit1
D:7:      layout_basic, serial_bayou, serial_bayou_lagoon_a,
          serial_bayou_shore_a, serial_bayou_pond_c, serial_bayou_pond_e,
          serial_bayou_pond_c, serial_bayou_pond_d, billiards_dpeg, uniq_maurice
D:8:      layout_cave_pods, serial_library_hellmonk_small_alcove
D:9:      layout_rooms, gammafunk_ghost_nasty_kobolds
Temple:   dpeg_chambers_temple

Skill      XL: |  1  2  3  4  5  6  7  8  9 10 |
---------------+-------------------------------+-----
Fire Magic     | 4 5 6 7 8 10 12 14 | 14.1
Spellcasting   | 2 3 4 5 6 7 |  7.2
Dodging        | |  1.5
Stealth        | |  1.5
Conjurations   | |  1.0

Action                     |  1- 3 |  4- 6 |  7- 9 | 10-12 || total
---------------------------+-------+-------+-------+-------++-------
  Melee: Unarmed           |     6 |       |       |       ||     6
         Dagger            |       |    34 |    45 |       ||    79
         Rapier            |       |       |       |     8 ||     8
         Headbutt          |       |       |       |     1 ||     1
   Cast: Foxfire           |    61 |   118 |   322 |    73 ||   574
         Scorch            |       |     1 |    55 |    13 ||    69
         Flame Wave        |       |       |     1 |    17 ||    18
    Use: Potion            |     1 |     3 |     4 |     2 ||    10
         Scroll            |       |     9 |     3 |     2 ||    14
 Armour: Robe              |     7 |    78 |    82 |    55 ||   222
  Dodge: Dodged            |     6 |    54 |    67 |    31 ||   158
